 Dungeon Sprint DCSS version 0.28-a0-2-g643f2454ad (webtiles) character file.

Game seed: 12908761937771882651

906 howech the Cruncher (level 7, -10/66 HPs)
             Began as a Minotaur Gladiator on July 22, 2021.
             Was a High Priest of Trog.
             Mangled by a phantasmal warrior (32 damage)
             ... in the Dungeon (Sprint VII: "The Pits").
             The game lasted 00:02:26 (461 turns).

howech the Cruncher (Minotaur Gladiator)             Turns: 461, Time: 00:02:26

Health: -10/66     AC: 13    Str: 18    XL:     7   Next: 81%
Magic:  6/6        EV: 10    Int:  5    God:    Trog [*****.]
Gold:   0          SH:  0    Dex: 14    Spells: 6/6 levels left

rFire   . . .      SeeInvis .   m - +1 quarterstaff (speed)
rCold   . . .      Faith    .   (shield currently unavailable)
rNeg    . . .      Spirit   .   n - +3 chain mail
rPois   .          Reflect  .   c - +0 hat
rElec   .          Harm     .   (no cloak)
rCorr   .          Rampage  .   (no gloves)
Will    .....      NoTele   +   (no boots)
Stlth   ..........              (no amulet)
HPRegen 0.21/turn               (no ring)
MPRegen 0.10/turn               (no ring)

@: weak-willed
A: horns 2, retaliatory headbutt
a: Renounce Religion, Berserk, Trog's Hand, Brothers in Arms


You were in the Dungeon.
You worshipped Trog.
Trog was extremely pleased with you.
You visited 1 branch

Inventory:

Hand Weapons
 a - a +0 quarterstaff
 k - a +2 quarterstaff
 m - a +1 quarterstaff of speed (weapon)
Armour
 b - a +0 leather armour
 c - a +0 hat (worn)
 n - a +3 chain mail (worn)
Scrolls
 j - a scroll of blinking
Potions
 e - 6 potions of curing
 f - 6 potions of heal wounds
 g - a potion of haste
 h - 4 potions of magic
 i - 3 potions of berserk rage
 l - 2 potions of invisibility


   Skills:
 + Level 7.6 Fighting
 + Level 7.0 Axes
 * Level 10.9 Staves
 + Level 6.3 Throwing
 + Level 7.2 Armour
 + Level 7.3 Dodging
 + Level 5.5 Evocations


You had 6 spell levels left.
You didn't know any spells.
Your spell library was empty.

Dungeon Overview and Level Annotations

Branches:
Dungeon (1/1)

Altars:
Ashenzari
Cheibriados
Dithmenos
Elyvilon
Fedhas
Gozag
Hepliaklqana
Kikubaaqudgha
Makhleb
Nemelex Xobeh
Okawaru
Qazlal
Ru
Sif Muna
Trog
Uskayaw
Vehumet
Wu Jian
Xom
Yredelemnul
Zin
The Shining One
Beogh
Jiyva
Lugonu


Innate Abilities, Weirdness & Mutations

You have a pair of horns on your head.
You reflexively headbutt those who attack you in melee.


Message History

You hit the ogre but do no damage.
The ogre is severely wounded.
The phantasmal warrior blinks!
The ogre hits you with a +0 giant club!
You hit the ogre. You headbutt the ogre.
The ogre is almost dead.
You hit the ogre.
You kill the ogre!
Trog accepts your kill.
Your Axes skill increases to level 7!
Unknown command.
Unknown command.
There is an open door, spattered with blood here.
Items here: ( ) ††.
You thump the phantasmal warrior!
The phantasmal warrior is lightly damaged.
You hit the phantasmal warrior but do no damage.
You headbutt the phantasmal warrior.
The phantasmal warrior is lightly damaged.
The phantasmal warrior barely misses you.
You furiously retaliate!
You headbutt the phantasmal warrior, but do no damage.
You hit the phantasmal warrior but do no damage.
The phantasmal warrior is lightly damaged.
You barely miss the phantasmal warrior. You headbutt the phantasmal warrior.
The phantasmal warrior is moderately damaged.
Your skin stops crawling.
You feel less strong-willed.
The phantasmal warrior hits you but does no damage.
You hit the phantasmal warrior but do no damage.
Your headbutt misses the phantasmal warrior.
The phantasmal warrior is moderately damaged.
You hit the phantasmal warrior but do no damage.
The phantasmal warrior is moderately damaged.
The phantasmal warrior hits you!!
Your willpower is stripped away!
You closely miss the phantasmal warrior.
Your headbutt misses the phantasmal warrior.
The phantasmal warrior is moderately damaged.
You hit the phantasmal warrior but do no damage.
The phantasmal warrior is moderately damaged.
The phantasmal warrior hits you!!
You die...

#.#..'.))..##.......#
#†#..#.)))[##.......#
#'###########.......#
#.......#..##########
#.###...#.######
#.#.....#.#....#
#.#...#.#'#....#
#.....#)#.W....+
#...###.#@#
#.......'.#
###########


You could see a phantasmal warrior.

Vanquished Creatures
  A black mamba (D)
  A flying skull (D)
  A tarantella (D)
  An ogre (D)
  A scorpion (D)
  A crimson imp (D)
  2 hounds (D)
  A gnoll (D)
  2 river rats (D)
  An ufetubus (D)
  An adder skeleton (D)
  2 worms (D)
  2 giant cockroaches (D)
  2 jackals (D)
  3 frilled lizards (D)
  A rat (D)
23 creatures vanquished.

Notes
Turn   | Place    | Note
-------+----------+-------------------------------------------
     0 | D        | howech the Minotaur Gladiator began the quest for the Orb.
     0 | D        | Reached XP level 1. HP: 18/18 MP: 0/0
    12 | D        | Reached skill level 1 in Axes
    12 | D        | Reached skill level 4 in Staves
    12 | D        | Reached skill level 1 in Armour
    12 | D        | Reached skill level 1 in Evocations
    12 | D        | Reached XP level 2. HP: 17/25 MP: 1/1
    30 | D        | Found a glowing golden altar of the Shining One.
    30 | D        | Found a glowing silver altar of Zin.
    30 | D        | Found a basalt altar of Yredelemnul.
    30 | D        | Found a shimmering altar of Xom.
    30 | D        | Found an ornate altar of the Wu Jian Council.
    30 | D        | Found a bloodstained altar of Trog.
    30 | D        | Found a shimmering blue altar of Sif Muna.
    30 | D        | Found a sacrificial altar of Ru.
    30 | D        | Found a stormy altar of Qazlal.
    30 | D        | Found an iron altar of Okawaru.
    30 | D        | Found a sparkling altar of Nemelex Xobeh.
    30 | D        | Found a burning altar of Makhleb.
    30 | D        | Found a viscous altar of Jiyva.
    30 | D        | Found a hazy altar of Hepliaklqana.
    30 | D        | Found an opulent altar of Gozag.
    30 | D        | Found a blossoming altar of Fedhas.
    30 | D        | Found a white marble altar of Elyvilon.
    30 | D        | Found a shadowy altar of Dithmenos.
    30 | D        | Found a snail-covered altar of Cheibriados.
    31 | D        | Found a radiant altar of Vehumet.
    31 | D        | Found a corrupted altar of Lugonu.
    33 | D        | Became a worshipper of Trog the Wrathful
    34 | D        | Found an ancient bone altar of Kikubaaqudgha.
    34 | D        | Found a hide-covered altar of Uskayaw.
    34 | D        | Found a broken altar of Ashenzari.
    55 | D        | Noticed a scorpion
    60 | D        | Killed a scorpion
    60 | D        | Reached * piety under Trog
    61 | D        | Reached skill level 6 in Staves
    61 | D        | Reached XP level 3. HP: 18/33 MP: 2/2
    61 | D        | Reached XP level 4. HP: 22/40 MP: 3/3
   278 | D        | Reached ** piety under Trog
   360 | D        | Reached *** piety under Trog
   361 | D        | Reached skill level 7 in Staves
   361 | D        | Reached skill level 5 in Dodging
   361 | D        | Reached XP level 5. HP: 47/47 MP: 4/4
   384 | D        | Reached skill level 5 in Fighting
   398 | D        | Noticed a flying skull
   406 | D        | Killed a flying skull
   406 | D        | Reached **** piety under Trog
   407 | D        | Reached skill level 5 in Axes
   407 | D        | Reached skill level 8 in Staves
   407 | D        | Reached skill level 5 in Throwing
   407 | D        | Reached skill level 5 in Armour
   407 | D        | Reached XP level 6. HP: 50/57 MP: 5/5
   408 | D        | Noticed a black mamba
   416 | D        | Killed a black mamba
   417 | D        | Reached skill level 10 in Staves
   417 | D        | Reached skill level 5 in Evocations
   417 | D        | Reached XP level 7. HP: 57/66 MP: 6/6
   428 | D        | Reached ***** piety under Trog
   439 | D        | Noticed a tarantella
   440 | D        | Noticed a phantasmal warrior
   446 | D        | Killed a tarantella
   461 | D        | Mangled by a phantasmal warrior

Illustrated notes

Levels and vault maps discovered:
D:        pitsprint [storerooms_1, entrance_room_1, metal_vault_4, armoury_2,
          mini_pit_1, grid_room_1, main_hall_1, silver_pit, the_coven_1,
          the_vestibule_1, steel_vault_3, golden_pit, hallway_of_sentries,
          crystal_vault_2, iron_vault_3, final_vault]

Skill      XL: |  1  2  3  4  5  6  7 |
---------------+----------------------+-----
Axes           | 1 3 4 5 6 7 |  7.0
Staves         | 4 6 7 8 10 | 10.9
Armour         | 1 3 4 5 6 7 |  7.2
Evocations     | 1 2 4 5 |  5.5
Fighting       | 4 6 7 |  7.6
Throwing       | 3 5 6 |  6.3
Dodging        | 4 5 6 7 |  7.3

Action                   |  1- 3 |  4- 6 |  7- 9 || total
-------------------------+-------+-------+-------++-------
Melee: Quarterstaff      |     9 |    42 |    26 ||    77
       Headbutt          |     1 |     7 |     6 ||    14
Throw: Throwing net      |     1 |     2 |     2 ||     5
Invok: Trog's Hand       |       |     1 |     1 ||     2
       Berserk           |       |     1 |       ||     1
 Stab: Held in net/web   |       |       |     1 ||     1
Armor: Leather armour    |     1 |     1 |       ||     2
       Chain mail        |       |     8 |     3 ||    11
Dodge: Dodged            |     8 |    14 |     4 ||    26

Table legend: (Time is in decaauts)
 A = Elapsed time spent in this place.
 B = Non-inter-level travel time spent in this place.
 C = Inter-level travel time spent in this place.
 D = Time resting spent in this place.
 E = Time spent auto-exploring this place.
 F = Levels seen in this place.
 G = Mean time per level.
                   A        B        C        D        E       F      G
               +--------+--------+--------+--------+--------+-----+--------+
         Total |    448 |    448 |      0 |    197 |      0 |   1 |  448.0 |
       Dungeon |    448 |    448 |      0 |    197 |      0 |   1 |  448.0 |
               +--------+--------+--------+--------+--------+-----+--------+

Top non-repeatable levels by time:
       D: 448 daAuts
